 Dungeon Crawl Stone Soup version 0.29-a0-816-g82769f0e0c (webtiles) character file.

Game seed: 926859801095437036

60 Morbidden the Conjurer (level 3, -2/25 HPs)
             Began as a Demonspawn Conjurer on July 5, 2022.
             Slain by a worm (7 damage)
             ... on level 2 of the Dungeon.
             The game lasted 00:01:36 (1557 turns).

Morbidden the Conjurer (Demonspawn Conjurer)        Turns: 1557, Time: 00:01:37

Health: -2/25      AC:  2    Str:  7    XL:     3   Next: 82%
Magic:  1/6        EV: 14    Int: 21    God:
Gold:   45         SH:  0    Dex: 11    Spells: 3/6 levels left

rFire   . . .      SeeInvis .   (no weapon)
rCold   . . .      Faith    .   (no shield)
rNeg    . . .      Spirit   .   a - +0 robe
rPois   .          Reflect  .   (helmet restricted)
rElec   .          Harm     .   (no cloak)
rCorr   .          Rampage  .   (no gloves)
Will    .....                   (no boots)
Stlth   ++........              (no amulet)
HPRegen 0.08/turn               (no ring)
MPRegen 0.10/turn               (no ring)

@: no status effects
A: horns 1, repulsion field 1
a: no special abilities


You were on level 2 of the Dungeon.
You visited 1 branch of the dungeon, and saw 2 of its levels.

You collected 45 gold pieces.

Inventory:

Armour
 a - a +0 robe (worn)
Scrolls
 e - a scroll of teleportation {unknown}
 f - a scroll of identify {unknown}
Potions
 b - a potion of flight {unknown}
 d - a potion of mutation {unknown}


   Skills:
 * Level 0.6 Fighting
 + Level 0.1 Throwing
 * Level 2.1 Dodging
 + Level 1.9 Stealth
 * Level 2.3 Spellcasting
 * Level 4.9 Conjurations


You had 3 spell levels left.
You knew the following spells:

 Your Spells              Type           Power      Damage    Failure   Level
a - Magic Dart            Conj           92%        1d7       1%          1
b - Searing Ray           Conj           46%        2d6       2%          2

Your spell library contained the following spells:

 Spells                   Type           Power      Damage    Failure   Level
 Dazzling Flash           Conj/Hex       24%        N/A       16%         3
 Fulminant Prism          Conj/Hex       6%         3d7       45%         4
 Iskenderun's Mystic Bla  Conj/Tloc      12%        2d5       45%         4


Dungeon Overview and Level Annotations

Branches:
Dungeon (2/15)

Altars:


Innate Abilities, Weirdness & Mutations

You have a pair of small horns on your head.
You are surrounded by a mild repulsion field. (EV +2)


Message History

There is a stone staircase leading up here.
You climb upwards.
There is a stone staircase leading down here.
You can't go up here!
Unknown command.
Unknown command.
Okay, then.
Unknown command.
Memorise Searing Ray, consuming 2 spell levels and leaving 3?
You start memorising the spell.
You continue memorising. x2
You finish memorising.
Spell assigned to 'b'.
You start resting.
Magic restored.
You start resting.
Unknown command.
You climb downwards.
The worm bites you.
There is a stone staircase leading up, spattered with blood here.
Unknown command.
Casting: Magic Dart (safe; 1% risk of failure)
Confirm with . or Enter, or press ? or * to list all spells.
Aiming: Searing Ray (safe; 2% risk of failure)
Press: ? - help, Shift-Dir - straight line, f - worm
Aim: a worm (92% to hit)
The searing ray hits the worm.
The worm is moderately wounded. (Press . to maintain the ray.)
The searing ray hits the worm.
The worm is heavily wounded.
The worm bites you.
Unknown command.
The searing ray hits the worm.
The worm is severely wounded.
Unknown command.
The searing ray hits the worm.
The worm is almost dead.
You finish channelling your searing ray.
The worm bites you!
* * * LOW HITPOINT WARNING * * *
The worm bites you!
You die...

#.w...#
......(####w#
+###... #...#
#(#. #.#####
#.#..#[....####
# ##..........#
#.>.....##.#
######รท..#
#.w@# #.### #..
###


You could see a worm.

Vanquished Creatures
  A hound (D:2)
  An adder (D:2)
  A bat (D:1)
  3 endoplasms (D:1)
  2 giant cockroaches (D:1)
  A goblin (D:1)
  2 hobgoblins
  2 jackals (D:1)
  5 ball pythons
  A frilled lizard (D:1)
  A kobold (D:1)
  2 rats (D:1)
22 creatures vanquished.

Notes
Turn   | Place    | Note
-------+----------+-------------------------------------------
     0 | D:1      | Morbidden the Demonspawn Conjurer began the quest for the
                  | Orb.
     0 | D:1      | Reached XP level 1. HP: 13/13 MP: 3/3
   526 | D:1      | Gained mutation: You are surrounded by a mild repulsion
                  | field. (EV +2) [demonic ancestry]
   526 | D:1      | Reached XP level 2. HP: 10/19 MP: 0/5
  1256 | D:2      | Gained mutation: You have a pair of small horns on your
                  | head. [demonic ancestry]
  1256 | D:2      | Reached XP level 3. HP: 24/24 MP: 1/6
  1356 | D:1      | Learned a level 2 spell: Searing Ray
  1557 | D:2      | Slain by a worm

Illustrated notes

Levels and vault maps discovered:
D:1:      kennysheep_arrival_forest, layout_rooms, serial_glass,
          glass_columns_a, glass_columns_b, glass_columns_c, glass_columns_a,
          glass_columns_a, glass_columns_a, glass_columns_b, glass_columns_a
D:2:      layout_basic, uniq_natasha

Skill      XL: |  1  2  3 |
---------------+----------+-----
Dodging        | 2 |  2.1
Fighting       | |  0.6
Throwing       | |  0.1
Stealth        | |  1.9
Spellcasting   | |  2.3
Conjurations   | |  4.9

Action                   || total
-------------------------++-------
Melee: Unarmed           ||    22
       Headbutt          ||     2
Throw: Javelin           ||    11
 Cast: Magic Dart        ||    49
       Searing Ray       ||     1
  Use: Potion            ||     2
Armor: Robe              ||     6
Dodge: Dodged            ||    47

Table legend: (Time is in decaauts)
 A = Elapsed time spent in this place.
 B = Non-inter-level travel time spent in this place.
 C = Inter-level travel time spent in this place.
 D = Time resting spent in this place.
 E = Time spent auto-exploring this place.
 F = Levels seen in this place.
 G = Mean time per level.
                   A        B        C        D        E       F      G
               +--------+--------+--------+--------+--------+-----+--------+
         Total |   1564 |   1525 |     39 |    421 |    891 |   2 |  782.0 |
       Dungeon |   1564 |   1525 |     39 |    421 |    891 |   2 |  782.0 |
               +--------+--------+--------+--------+--------+-----+--------+

Top non-repeatable levels by time:
     D:1: 1451 daAuts
     D:2: 113 daAuts
